 Dungeon Crawl Stone Soup version 0.29-a0-830-gcb1280458a (webtiles) character file.

Game seed: 8336218322227608958

5173 killozap the Zephyrmancer (level 10, -3/60 HPs)
             Began as a Tengu Air Elementalist on July 11, 2022.
             Was a Believer of Vehumet.
             Killed by their own static electricity (5 damage)
             ... on level 8 of the Dungeon.
             The game lasted 00:21:40 (9981 turns).

killozap the Zephyrmancer (Tengu Air Elementalist)  Turns: 9981, Time: 00:21:41

Health: -3/60      AC:  8    Str: 10    XL:     10   Next: 59%
Magic:  18/28      EV: 18    Int: 25    God:    Vehumet [**....]
Gold:   488        SH:  0    Dex: 14    Spells: 10/20 levels left

rFire   . . .      SeeInvis .   F - +4 dagger (holy)
rCold   . . .      Faith    .   (no shield)
rNeg    . . .      Spirit   .   J - +0 steam dragon scales
rPois   .          Reflect  .   (helmet restricted)
rElec   .          Harm     .   f - +0 cloak
rCorr   .          Rampage  .   s - +0 pair of gloves
Will    .....                   (boots unavailable)
Stlth   ++........              C - amulet of magic regeneration
HPRegen 0.20/turn               e - +6 ring of intelligence
MPRegen 0.61/turn               H - ring of magical power

@: flying quickly and evasively, quick
A: beak, talons 3, nimble flight
a: Renounce Religion


You were on level 8 of the Dungeon.
You worshipped Vehumet.
Vehumet was pleased with you.
You visited 1 branch of the dungeon, and saw 8 of its levels.
You also visited: Sewer.

You collected 488 gold pieces.

Inventory:

Hand Weapons
 F - a +4 dagger of holy wrath (weapon)
 I - the +5 sling of the Morning {speed, Str+4 Int+3 Dex+3 Stlth+}
   (You found it on level 7 of the Dungeon)

   Attacks with this weapon are significantly faster.
   Str:       It affects your strength (+4).
   Int:       It affects your intelligence (+3).
   Dex:       It affects your dexterity (+3).
   Stlth:     It makes you more stealthy.
 L - a +0 morningstar of draining
Armour
 f - a +0 cloak (worn)
 s - a +0 pair of gloves (worn)
 J - +0 steam dragon scales (worn)
Jewellery
 e - a +6 ring of intelligence (left hand)
 n - an amulet of regeneration
 q - a +4 ring of evasion
 r - a ring of fire
 u - a ring of ice
 C - an amulet of magic regeneration (around neck)
 D - a ring of see invisible
 H - a ring of magical power (right hand)
Wands
 G - a wand of paralysis (5)
 K - a wand of iceblast (23)
Scrolls
 c - a scroll of teleportation {unknown}
 d - a scroll of brand weapon {unknown}
 h - a scroll of torment {unknown}
 i - a scroll of amnesia {unknown}
 k - 2 scrolls of poison
 l - 3 scrolls of enchant weapon
 m - 3 scrolls of summoning {unknown}
 w - 2 scrolls of fog {unknown}
 x - 3 scrolls of vulnerability {unknown}
 y - a scroll of magic mapping {unknown}
 A - 2 scrolls of silence {unknown}
 E - 2 scrolls of fear {unknown}
Potions
 a - a potion of berserk rage {unknown}
 b - 3 potions of magic
 g - 5 potions of heal wounds
 j - 2 potions of resistance
 o - 5 potions of lignification
 p - 7 potions of curing
 v - 3 potions of haste
 z - 3 potions of mutation {unknown}
 B - a potion of experience {unknown}


   Skills:
 + Level 5.8 Fighting
 + Level 4.0 Armour
 + Level 7.0 Dodging
 - Level 2.0 Stealth
 + Level 5.8 Spellcasting
 + Level 8.0 Conjurations
 * Level 11.8 Air Magic


You had 10 spell levels left.
You knew the following spells:

 Your Spells              Type           Power      Damage    Failure   Level
a - Shock                 Conj/Air       100%       1d9       1%          1
b - Static Discharge      Conj/Air       55%        3-10/arc  1%          2
c - Swiftness             Air            61%        N/A       1%          3
d - Airstrike             Air            30%        0-10+     1%          4

Your spell library contained the following spells:

 Spells                   Type           Power      Damage    Failure   Level
 Poisonous Vapours        Pois/Air       72%        N/A       1%          2
 Summon Small Mammal      Summ           28%        N/A       8%          1
 Call Canine Familiar     Summ           7%         N/A       22%         3
 Summon Guardian Golem    Hex/Summ       7%         N/A       22%         3


Dungeon Overview and Level Annotations

Branches:
Dungeon (8/15)             Temple (0/1) D:7           Sewer (visited)
   Lair: D:8-11

Altars:
Cheibriados
Hepliaklqana
Kikubaaqudgha
Makhleb
Okawaru
Qazlal
Sif Muna
Vehumet
Wu Jian
Yredelemnul

Shops:
D:4 (   D:6 *

Annotations:
D:8 3 runed translucent doors, blackman's ghost, novice HuDe


Innate Abilities, Weirdness & Mutations

You have a beak for a mouth.
You have claws for feet.
Your magical nature lets you fly swiftly and evasively.


Message History

Your Conjurations skill increases to level 8!
Casting: Static Discharge (safe; 1% risk of failure)
Confirm with . or Enter, or press ? or * to list all spells.
The yak is struck by an arc of lightning!
The yak is severely wounded.
You are struck by an arc of lightning.
The yak is struck by an arc of lightning!
You kill the yak!
Vehumet accepts your kill.
You are struck by an arc of lightning.
The lightning grounds out.
The yak is struck by an arc of lightning.
The yak is almost dead.
You are struck by an arc of lightning.
* * * LOW HITPOINT WARNING * * *
The yak is struck by an arc of lightning!
You kill the yak!
Vehumet accepts your kill.
Vehumet offers you knowledge of Poisonous Vapours.
The lightning grounds out.
The yak gores you.
* * * LOW HITPOINT WARNING * * *
Your Armour skill increases to level 4!
Casting: Static Discharge (safe; 1% risk of failure)
Confirm with . or Enter, or press ? or * to list all spells.
The yak is struck by an arc of lightning.
The yak is severely wounded.
You are struck by an arc of lightning.
* * * LOW HITPOINT WARNING * * *
The lightning grounds out.
The yak gores you.
* * * LOW HITPOINT WARNING * * *
Casting: Static Discharge (safe; 1% risk of failure)
Confirm with . or Enter, or press ? or * to list all spells.
The yak is struck by an arc of lightning!
The yak is almost dead.
You are struck by an arc of lightning.
* * * LOW HITPOINT WARNING * * *
The yak is struck by an arc of lightning.
You kill the yak!
Vehumet accepts your kill.
You feel your power returning.
You are struck by an arc of lightning.
You die...

....................
.........#...........#
.........####........###
.........# #............
#....##..# #............
##.# ##.###^...........
#...###...###...........
#.......................
..##.........##†@........#
###+++###..##††.......#
#.....WW#.............#
##.....##...###......
#.......#..## #..$.. #
##..)).##...####..###.####
#..8.8..#....##....##.....
##########....#Y..........
....##....[Y......### .


There were no monsters in sight!

Vanquished Creatures
  A wyvern (D:6)
  15 yaks (D:8)
  A steam dragon (D:7)
  Menkaure (D:4)
  A water moccasin (D:8)
  A sky beast (D:6)
  2 ice beasts
  2 ogres
  2 centaurs
  A phantom (D:6)
  2 bullfrogs
  A necrophage (D:6)
  A scorpion (D:7)
  5 wights (D:8)
  7 killer bees
  A howler monkey (D:7)
  2 jellies (D:7)
  6 hounds
  A gnoll bouda (D:4)
  5 orc priests
  6 iguanas
  Natasha (thrice) (D:2)
  2 orc wizards
  A statue (D:5)
  A mummy (D:3)
  4 river rats (Sewer)
  10 adders
  9 gnolls
  A worm (D:2)
  4 dart slugs
  31 orcs
  4 endoplasms
  7 giant cockroaches
  9 hobgoblins
  10 jackals (D:1)
  5 kobolds
  3 quokkas
  13 ball pythons
  5 bats
  6 frilled lizards
  9 goblins
  13 rats
214 creatures vanquished.

Vanquished Creatures (others)
  A killer bee (D:8)
1 creature vanquished.

Grand Total: 215 creatures vanquished

Notes
Turn   | Place    | Note
-------+----------+-------------------------------------------
     0 | D:1      | killozap the Tengu Air Elementalist began the quest for the
                  | Orb.
     0 | D:1      | Reached XP level 1. HP: 10/10 MP: 4/4
   233 | D:1      | Reached XP level 2. HP: 15/15 MP: 3/6
   456 | D:1      | Learned a level 2 spell: Static Discharge
   618 | D:1      | Reached XP level 3. HP: 16/20 MP: 0/7
  1349 | D:1      | Reached skill level 1 in Fighting
  1532 | D:2      | Noticed Natasha
  1541 | D:2      | Killed Natasha
  1542 | D:2      | Reached skill level 5 in Air Magic
  1542 | D:2      | Reached XP level 4. HP: 18/25 MP: 0/8
  1544 | D:2      | Noticed Natasha
  1554 | D:2      | Killed Natasha
  1752 | D:2      | Noticed Natasha
  1755 | D:2      | Killed Natasha
  1756 | D:2      | Gained mutation: Your magical nature lets you fly swiftly
                  | and evasively. [Tengu growth]
  1756 | D:2      | Reached XP level 5. HP: 29/29 MP: 2/9
  2272 | D:2      | Reached skill level 6 in Air Magic
  2272 | D:2      | Reached XP level 6. HP: 35/35 MP: 5/11
  2388 | D:2      | Identified the +10 chain mail of Parlour Games {*Corrode
                  | +Blink rPois Int-5}
  2596 | D:2      | Found a faded altar of an unknown god.
  2939 | D:3      | Found a snail-covered altar of Cheibriados.
  3036 | D:3      | Found an ornate altar of the Wu Jian Council.
  3603 | D:3      | Found a glowing drain.
  3607 | Sewer    | Entered a sewer
  3617 | Sewer    | Reached XP level 7. HP: 37/40 MP: 12/12
  4684 | D:4      | Found Yweg's Weapon Shoppe.
  4835 | D:4      | Reached skill level 7 in Air Magic
  5134 | D:4      | Noticed Menkaure
  5144 | D:4      | Learned a level 3 spell: Swiftness
  5149 | D:4      | Learned a level 4 spell: Airstrike
  5155 | D:4      | Killed Menkaure
  5399 | D:5      | Entered Level 5 of the Dungeon
  5418 | D:5      | Reached XP level 8. HP: 46/46 MP: 9/14
  5838 | D:5      | Reached skill level 8 in Air Magic
  5940 | D:5      | Found a radiant altar of Vehumet.
  5985 | D:5      | Became a worshipper of Vehumet
  6343 | D:5      | Reached skill level 5 in Conjurations
  6483 | D:5      | Found an iron altar of Okawaru.
  6900 | D:6      | Found Qeonaecw's General Store.
  6926 | D:6      | Reached skill level 5 in Dodging
  7134 | D:6      | Found a stormy altar of Qazlal.
  7134 | D:6      | Found an ancient bone altar of Kikubaaqudgha.
  7137 | D:6      | Found a basalt altar of Yredelemnul.
  7139 | D:6      | Found a burning altar of Makhleb.
  7140 | D:6      | Found a hazy altar of Hepliaklqana.
  7238 | D:6      | Reached skill level 9 in Air Magic
  7310 | D:6      | Noticed a wyvern
  7315 | D:6      | Killed a wyvern
  7356 | D:6      | Reached XP level 9. HP: 52/52 MP: 4/16
  7457 | D:6      | Found a shimmering blue altar of Sif Muna.
  8180 | D:7      | Reached skill level 1 in Armour
  8359 | D:7      | Identified the +5 sling of the Morning {speed, Str+4 Int+3
                  | Dex+3 Stlth+}
  8388 | D:7      | Reached skill level 10 in Air Magic
  8650 | D:7      | Reached * piety under Vehumet
  8650 | D:7      | Offered knowledge of Sandblast by Vehumet.
  8666 | D:7      | Found a staircase to the Ecumenical Temple.
  9161 | D:8      | Reached skill level 5 in Spellcasting
  9207 | D:8      | Reached skill level 5 in Fighting
  9524 | D:8      | Reached XP level 10. HP: 59/59 MP: 19/19
  9566 | D:8      | Reached skill level 11 in Air Magic
  9942 | D:8      | Found a runed translucent gate.
  9942 | D:8      | Found a runed translucent gate.
  9942 | D:8      | Found a runed translucent gate.
  9947 | D:8      | Noticed blackman's ghost (novice HuDe)
  9979 | D:8      | Reached ** piety under Vehumet
  9979 | D:8      | Offered knowledge of Poisonous Vapours by Vehumet.
  9981 | D:8      | HP: 2/60 [/static electricity (4)]
  9981 | D:8      | Killed from afar by themself

Illustrated notes

Levels and vault maps discovered:
D:1:      evilmike_arrival_crescent, layout_basic
D:2:      layout_rooms, dreamdust_ecumenical_altar_statues, uniq_natasha
D:3:      layout_loops_ring, slow_altar_1, lemuel_tele_altar,
          gup_sewer_entry_bowl
D:4:      layout_cave_pods, serial_shops, nicolae_diamond_shop, uniq_menkaure
D:5:      minmay_skewed_foursquare, layout_basic, okawaru_altar_gauntlet_db,
          vehumet_statue
D:6:      layout_layer_cave, grunt_temple_overflow_open,
          mainiacjoe_overflow_tiny_flanked, serial_shops,
          nicolae_shop_hallway_stairs
D:7:      layout_loops_ring, minmay_temple_entry_hall
D:8:      layout_layer_cave, mainiacjoe_overflow_alcove_4,
          gammafunk_ghost_spectres, lemuel_old_faithful

Skill      XL: |  1  2  3  4  5  6  7  8  9 10 |
---------------+-------------------------------+-----
Conjurations   | 2 3 4 6 7 8 |  8.0
Fighting       | 1 2 3 4 5 |  5.8
Air Magic      | 5 6 7 9 10 11 | 11.8
Dodging        | 3 4 5 6 7 |  7.0
Spellcasting   | 3 4 5 |  5.8
Armour         | 3 4 |  4.0
Stealth        | |  2.0

Action                   |  1- 3 |  4- 6 |  7- 9 | 10-12 || total
-------------------------+-------+-------+-------+-------++-------
Melee: Dagger            |    19 |    48 |    39 |       ||   106
       Kick              |     4 |    17 |    32 |       ||    53
       Peck              |     3 |    12 |    17 |       ||    32
       Morningstar       |       |    14 |    70 |       ||    84
       Punch             |       |     2 |     1 |       ||     3
 Cast: Shock             |    73 |   101 |   217 |    10 ||   401
       Airstrike         |       |       |    25 |     2 ||    27
       Static Discharge  |       |       |    10 |    18 ||    28
  Use: Scroll            |       |       |     6 |       ||     6
 Stab: Sleeping          |       |     2 |     5 |       ||     7
Armor: Robe              |    10 |     8 |    13 |       ||    31
       Steam dragon scal |       |       |     8 |     6 ||    14
Dodge: Dodged            |    23 |    65 |   143 |    14 ||   245

Table legend: (Time is in decaauts)
 A = Elapsed time spent in this place.
 B = Non-inter-level travel time spent in this place.
 C = Inter-level travel time spent in this place.
 D = Time resting spent in this place.
 E = Time spent auto-exploring this place.
 F = Levels seen in this place.
 G = Mean time per level.
                   A        B        C        D        E       F      G
               +--------+--------+--------+--------+--------+-----+--------+
         Total |   9542 |   9195 |    347 |   1210 |   6264 |   9 | 1060.2 |
       Dungeon |   9214 |   8867 |    347 |   1210 |   6095 |   8 | 1151.8 |
         Sewer |    328 |    328 |      0 |      0 |    168 |   1 |  328.0 |
               +--------+--------+--------+--------+--------+-----+--------+

Top non-repeatable levels by time:
     D:1: 1674 daAuts
     D:6: 1315 daAuts
     D:2: 1232 daAuts
     D:5: 1156 daAuts
     D:4: 1042 daAuts
     D:3: 977 daAuts
     D:7: 916 daAuts
     D:8: 899 daAuts
   Sewer: 328 daAuts
